 Dungeon Crawl Stone Soup version 0.27-a0-824-gca8104f8d5 (webtiles) character file.

Game seed: 8962141808539846818

49 Harga the Cutter (level 4, 0/27 HPs)
             Began as a Kobold Warper on Mar 30, 2021.
             Slain by a ball python (1 damage)
             ... on level 2 of the Dungeon.
             The game lasted 00:06:20 (1446 turns).

Harga the Cutter (Kobold Warper)                    Turns: 1446, Time: 00:06:21

Health: 0/27       AC:  3    Str:  8    XL:     4   Next: 1%
Magic:  7/7        EV: 11    Int: 14    God:
Gold:   15         SH:  0    Dex: 15    Spells: 7/7 levels left

rFire    . . .     SeeInvis +   a - +0 short sword
rCold    . . .     Faith    .   (shield restricted)
rNeg     . . .     Spirit   .   b - +0 leather armour
rPois    .         Reflect  .   (no helmet)
rElec    .         Harm     .   (no cloak)
rCorr    .         Rampage  .   (no gloves)
Will     .....                  (no boots)
Stlth    +++.......             f - amulet of magic regeneration
HPRegen  0.09/turn              j - ring of see invisible
MPRegen  0.35/turn              (no ring)

@: constricted
A: small, no large weapons, nightstalker 3
a: no special abilities


You were on level 2 of the Dungeon.
You visited 1 branch of the dungeon, and saw 2 of its levels.

You collected 15 gold pieces.

Inventory:

Hand Weapons
 a - a +0 short sword (weapon)
Missiles
 e - 5 boomerangs of dispersal (quivered)
Armour
 b - a +0 leather armour (worn)
Jewellery
 f - an amulet of magic regeneration (around neck)
 j - a ring of see invisible (left hand)
Scrolls
 d - a scroll of blinking
 h - 2 scrolls of identify {unknown}
Potions
 c - a potion of mutation {unknown}
 g - a potion of flight {unknown}
 i - a potion of curing {unknown}


   Skills:
 + Level 2.8 Fighting
 + Level 3.5 Short Blades
 - Level 1.1 Throwing
 - Level 0.7 Armour
 + Level 3.1 Dodging
 + Level 2.2 Stealth
 - Level 2.1 Spellcasting
 - Level 3.0 Translocations


You had 7 spell levels left.
You didn't know any spells.
Your spell library contained the following spells:

 Spells                   Type           Power      Damage    Failure   Level
 Blink                    Tloc           N/A        N/A       14%         2
 Gell's Gravitas          Tloc           4%         N/A       28%         3
 Lesser Beckoning         Tloc           4%         N/A       28%         3
 Teleport Other           Tloc           9%         N/A       28%         3
 Manifold Assault         Tloc           9%         N/A       95%         5


Dungeon Overview and Level Annotations

Branches:
Dungeon (2/15)

Altars:

Annotations:
D:2 Jessica


Innate Abilities, Weirdness & Mutations

You are small and have problems with some larger weapons.
You are completely attuned to the shadows.


Message History

You barely miss the bullfrog zombie.
The bullfrog zombie is severely damaged.
The bullfrog zombie hits you.
* * * LOW HITPOINT WARNING * * *
You hit the bullfrog zombie.
The bullfrog zombie is severely damaged.
The bullfrog zombie hits you.
* * * LOW HITPOINT WARNING * * *
The bullfrog zombie completely misses you.
You hit the bullfrog zombie.
The bullfrog zombie is almost destroyed.
The bullfrog zombie closely misses you.
You hit the bullfrog zombie.
The bullfrog zombie is almost destroyed.
The bullfrog zombie barely misses you.
You hit the bullfrog zombie.
The bullfrog zombie is almost destroyed.
The bullfrog zombie hits you.
* * * LOW HITPOINT WARNING * * *
You hit the bullfrog zombie.
You destroy the bullfrog zombie!
Your Dodging skill increases to level 3!
Your Stealth skill increases to level 2!
You have reached level 3!
Your experience leads to an increase in your attributes!
Increase (S)trength, (I)ntelligence, or (D)exterity?
You feel agile.
You have reached level 4!
The ball python hisses angrily.
There is a stone staircase leading up here.
You closely miss the ball python.
The ball python bites you but does no damage.
The ball python grabs you.
* * * LOW HITPOINT WARNING * * *
The ball python constricts you.
You closely miss the ball python. The ball python bites you.
* * * LOW HITPOINT WARNING * * *
The ball python constricts you.
You barely miss the ball python. The ball python bites you.
You die...

#. ...#
#.###### ....
#..#...
....#####...#
....#.......##
.............#
....#..........
....#S......###
....#@.....##
....#.....##
#....## ######


You could see a ball python.

Vanquished Creatures
  A bullfrog zombie (D:2)
  An adder (D:1)
  A dart slug (D:1)
  A goblin (D:1)
  A quokka (D:1)
  A bat (D:1)
  A rat (D:2)
7 creatures vanquished.

Notes
Turn   | Place    | Note
-------+----------+-------------------------------------------
     0 | D:1      | Harga the Kobold Warper began the quest for the Orb.
     0 | D:1      | Reached XP level 1. HP: 12/12 MP: 3/3
   493 | D:1      | You fall into a shaft and drop 1 floor!
   775 | D:1      | Reached XP level 2. HP: 18/18 MP: 5/5
  1103 | D:2      | Noticed Jessica
  1118 | D:1      | Reached skill level 1 in Stealth
  1439 | D:2      | Reached XP level 3. HP: 2/22 MP: 6/6
  1439 | D:2      | Reached XP level 4. HP: 2/27 MP: 7/7
  1445 | D:2      | HP: 1/27 [ball python (1)]
  1446 | D:2      | Slain by a ball python

Illustrated notes

Levels and vault maps discovered:
D:1:      scummos_arrival_hexagon, layout_basic
D:2:      layout_rooms, nzn_hepliaklqana_mist_gate, overflow_temple_1_default,
          nicolae_tso_swordbearing_angel, uniq_natasha, uniq_jessica

Skill      XL: |  1  2 |
---------------+-------+-----
Short Blades   | 3 |  3.5
Stealth        | 2 |  2.2
Dodging        | 3 |  3.1
Fighting       | |  2.8
Throwing       | |  1.1
Armour         | |  0.7
Spellcasting   | |  2.1
Translocations | |  3.0

Action                   |  1- 3 |  4- 6 || total
-------------------------+-------+-------++-------
Melee: Short sword       |    38 |     3 ||    41
 Stab: Sleeping          |     4 |       ||     4
Armor: Leather armour    |     4 |     1 ||     5
Dodge: Dodged            |    19 |       ||    19

Table legend: (Time is in decaauts)
 A = Elapsed time spent in this place.
 B = Non-inter-level travel time spent in this place.
 C = Inter-level travel time spent in this place.
 D = Time resting spent in this place.
 E = Time spent auto-exploring this place.
 F = Levels seen in this place.
 G = Mean time per level.
                   A        B        C        D        E       F      G
               +--------+--------+--------+--------+--------+-----+--------+
         Total |   1445 |   1445 |      0 |    504 |    341 |   2 |  722.5 |
       Dungeon |   1445 |   1445 |      0 |    504 |    341 |   2 |  722.5 |
               +--------+--------+--------+--------+--------+-----+--------+

Top non-repeatable levels by time:
     D:1: 1402 daAuts
     D:2: 42 daAuts
